 Dungeon Crawl Stone Soup version 0.21.1-1-g345015f (webtiles) character file.

141 tidbits the Insei (level 5, -3/40 HPs)
             Began as a Gnoll Transmuter on Feb 6, 2018.
             Slain by an orc
             ... wielding a cursed +0 whip
              (4 damage)
             ... on level 4 of the Dungeon.
             The game lasted 00:04:53 (379 turns).

tidbits the Insei (Gnoll Transmuter)                 Turns: 379, Time: 00:04:54

Health: -3/40      AC:  2    Str: 12    XL:     5   Next: 24%
Magic:  7/12       EV: 15    Int: 17    God:
Gold:   31         SH:  0    Dex: 15    Spells: 11/14 levels left

rFire    . . .     SeeInvis +     - Unarmed
rCold    . . .     Gourm    .   (no shield)
rNeg     . . .     Faith    .   b - +0 robe
rPois    .         Spirit   .   (no helmet)
rElec    .         Reflect  .   (no cloak)
rCorr    .         Harm     .   (no gloves)
MR       .....                  (boots currently unavailable)
Stlth    ++........             (no amulet)
HPRegen  0.13/turn              h - ring of see invisible
MPRegen  0.13/turn              (no ring)

@: appendage
A: distributed training, fangs 1, talons 3, strong nose
a: End Transformation


You were on level 4 of the Dungeon.
You were not hungry.
You had grown temporary talons.
You visited 1 branch of the dungeon, and saw 4 of its levels.

You collected 31 gold pieces.

Inventory:

Hand Weapons
 a - a +2 dagger of holy wrath
   (You took it off a kobold on level 2 of the Dungeon)
 f - a +0 short sword
Missiles
 e - 8 stones (quivered)
 o - 6 arrows
Armour
 b - a +0 robe (worn)
Jewellery
 h - a ring of see invisible (left hand)
   (You found it on level 1 of the Dungeon)
Scrolls
 g - a scroll of amnesia {unknown}
 k - 2 scrolls of remove curse {unknown}
 l - a scroll of blinking {unknown}
 m - 2 scrolls of enchant armour {unknown}
 n - 2 scrolls of identify {unknown}
Potions
 i - a potion of lignification
 j - a potion of might {unknown}
Books
 c - a book of Changes

   Spells                             Type                      Level
   a - Beastly Appendage              Transmutation                1
   b - Sticks to Snakes               Transmutation                2
   c - Spider Form                    Transmutation/Poison         3
   d - Ice Form                       Ice/Transmutation            4
   e - Blade Hands                    Transmutation                5
Comestibles
 d - 3 rations


   Skills:
 + Level 2.9 Fighting
 + Level 1.4 Short Blades
 + Level 1.4 Long Blades
 + Level 1.4 Axes
 + Level 1.4 Maces & Flails
 + Level 1.4 Polearms
 + Level 1.4 Staves
 + Level 1.4 Slings
 + Level 1.4 Bows
 + Level 1.4 Crossbows
 + Level 1.4 Throwing
 + Level 1.4 Armour
 + Level 4.7 Dodging
 + Level 1.4 Stealth
 + Level 1.4 Shields
 + Level 6.6 Unarmed Combat
 + Level 5.1 Spellcasting
 + Level 1.1 Conjurations
 + Level 1.1 Hexes
 + Level 1.1 Charms
 + Level 1.1 Summonings
 + Level 1.1 Necromancy
 + Level 1.1 Translocations
 + Level 3.9 Transmutations
 + Level 1.1 Fire Magic
 + Level 1.1 Ice Magic
 + Level 1.1 Air Magic
 + Level 1.1 Earth Magic
 + Level 1.1 Poison Magic
 + Level 1.5 Invocations
 + Level 1.4 Evocations


You had 11 spell levels left.
You knew the following spells:

 Your Spells              Type           Power        Failure   Level  Hunger
e - Beastly Appendage     Tmut           ###...       2%          1    None
k - Sticks to Snakes      Tmut           ###.....     4%          2    #......


Dungeon Overview and Level Annotations

Branches:
Dungeon (4/15)
 Temple: D:4-7

Altars:

Shops:
D:4 !


Innate Abilities, Weirdness & Mutations

Your experience applies equally to all skills.
You have very sharp teeth.
Your uncanny sense of smell can sniff out nearby items.
You have claws for feet.


Message History

Casting: Sticks to Snakes
Confirm with . or Enter, or press ? or * to list all spells.
Your feet morph into talons.
An orc comes into view.
Casting: Beastly Appendage
Confirm with . or Enter, or press ? or * to list all spells.
You create a snake!
You now have 7 arrows.
Your ball python barely misses the orc wizard.
Your ball python closely misses the orc wizard.
The orc wizard completely misses you.
Found a plate armour.
Really attack while wielding your book of Changes? [Y]es or [N]o only, please.
Really attack while wielding your book of Changes?
Okay, then.
Wield which item (- for none, * to show all)? (? for menu, Esc to quit)
You are now empty-handed.
You hit the orc wizard but do no damage.
Your kick misses the orc wizard.
You punch the orc wizard, but do no damage.
Your ball python closely misses the orc wizard.
Your ball python grabs the orc wizard.
Your ball python constricts the orc wizard.
The orc wizard hits you but does no damage.
You hit the orc wizard. You claw the orc wizard!
You punch the orc wizard, but do no damage.
You bite the orc wizard, but do no damage.
The orc wizard is severely wounded.
Your ball python bites the orc wizard.
Your ball python constricts the orc wizard.
The orc wizard hits you with a dagger.
* * * LOW HITPOINT WARNING * * *
You hit the orc wizard but do no damage.
You claw the orc wizard, but do no damage.
You bite the orc wizard, but do no damage.
The orc wizard is almost dead.
Your ball python completely misses the orc wizard.
Your ball python constricts the orc wizard.
An orc wizard comes into view. It is wielding a dagger.
You hit the orc wizard.
You kill the orc wizard!
You have reached level 5!
You hit the orc. Your kick misses the orc.
The orc is almost dead.
Your ball python barely misses the orc.
Your ball python grabs the orc.
Your ball python constricts the orc.
The orc dies!
An orc comes into view.
The orc wizard mumbles some strange words.
The orc wizard seems to speed up.
The orc wizard jeers to no one in particular.
The orc closely misses your ball python.
An orc comes into view. It is wielding a whip.
The orc wizard hits you with a dagger.
* * * LOW HITPOINT WARNING * * *
Your ball python bites the orc.
Your ball python closely misses the orc.
The orc hits your ball python.
Your ball python dies!
The orc wizard barely misses you.
Casting: Sticks to Snakes
Confirm with . or Enter, or press ? or * to list all spells.
You create a snake!
You now have 6 arrows.
The orc wizard misses you.
An orc comes into view. It is wielding a hand axe.
You hit the orc wizard but do no damage.
You claw the orc wizard, but do no damage.
The orc wizard barely misses you.
You hit the orc wizard.
The orc wizard is lightly wounded.
The orc wizard hits you but does no damage.
Your ball python bites the orc wizard but does no damage.
Your ball python barely misses the orc wizard.
The orc wizard points at you and mumbles some strange words.
The magic dart hits you!
* * * LOW HITPOINT WARNING * * *
You hit the orc wizard.
The orc wizard is heavily wounded.
The orc wizard hits you but does no damage.
Your ball python closely misses the orc wizard.
Your ball python grabs the orc wizard.
Your ball python constricts the orc wizard.
The orc misses you.
You hit the orc wizard.
The orc wizard is almost dead.
The orc wizard hits you but does no damage.
Your ball python bites the orc wizard but does no damage.
Your ball python constricts the orc wizard.
The orc misses you. The orc wizard hits you with a dagger.
* * * LOW HITPOINT WARNING * * *
An orc comes into view. It is wielding a trident.
You hit the orc wizard.
The orc wizard is almost dead.
The orc completely misses you.
Your ball python barely misses the orc wizard.
Your ball python constricts the orc wizard.
The orc wizard points at you and mumbles some strange words.
The magic dart hits you!
* * * LOW HITPOINT WARNING * * *
The orc hits you with a whip.
You die...

##+# ....### .......
.....# o..... #.##.## #
#.##.o##o##..#
###########.#..o@o......
............)...So......
......#####.#.#..##.#...
...................... .
.......####'#.#.....#...
.>.....#......#..∩......
#.####.#.............. .
#.####.#......#.......
.......'......#.......


You could see an orc wizard, 4 orcs and a friendly ball python.

Vanquished Creatures
  An orc priest (D:3)
  3 orc wizards
  A dart slug (D:3)
  6 orcs (D:3)
  A goblin (D:2)
  2 hobgoblins (D:3)
  6 kobolds
  2 bats
  A rat (D:2)
23 creatures vanquished.

Vanquished Creatures (collateral kills)
  An orc (D:4)
1 creature vanquished.

Grand Total: 24 creatures vanquished

Notes
Turn   | Place    | Note
-------+----------+-------------------------------------------
     0 | D:1      | tidbits the Gnoll Transmuter began the quest for the Orb.
     0 | D:1      | Reached XP level 1. HP: 17/17 MP: 6/6
   160 | D:2      | Reached XP level 2. HP: 23/23 MP: 5/7
   164 | D:2      | Learned a level 2 spell: Sticks to Snakes
   279 | D:3      | Reached skill level 5 in Spellcasting
   279 | D:3      | Reached skill level 1 in Invocations
   279 | D:3      | Reached XP level 3. HP: 19/28 MP: 1/9
   285 | D:3      | Reached skill level 1 in Short Blades
   285 | D:3      | Reached skill level 1 in Long Blades
   285 | D:3      | Reached skill level 1 in Axes
   285 | D:3      | Reached skill level 1 in Maces & Flails
   285 | D:3      | Reached skill level 1 in Polearms
   285 | D:3      | Reached skill level 1 in Staves
   285 | D:3      | Reached skill level 1 in Slings
   285 | D:3      | Reached skill level 1 in Bows
   285 | D:3      | Reached skill level 1 in Crossbows
   285 | D:3      | Reached skill level 1 in Throwing
   285 | D:3      | Reached skill level 1 in Armour
   285 | D:3      | Reached skill level 1 in Stealth
   285 | D:3      | Reached skill level 1 in Shields
   285 | D:3      | Reached skill level 1 in Evocations
   285 | D:3      | Reached XP level 4. HP: 23/34 MP: 2/11
   289 | D:3      | Reached skill level 1 in Conjurations
   289 | D:3      | Reached skill level 1 in Hexes
   289 | D:3      | Reached skill level 1 in Charms
   289 | D:3      | Reached skill level 1 in Summonings
   289 | D:3      | Reached skill level 1 in Necromancy
   289 | D:3      | Reached skill level 1 in Translocations
   289 | D:3      | Reached skill level 1 in Fire Magic
   289 | D:3      | Reached skill level 1 in Ice Magic
   289 | D:3      | Reached skill level 1 in Air Magic
   289 | D:3      | Reached skill level 1 in Earth Magic
   289 | D:3      | Reached skill level 1 in Poison Magic
   361 | D:4      | Found Esusoac's Distillery.
   369 | D:4      | Reached XP level 5. HP: 21/40 MP: 8/12
   379 | D:4      | HP: 1/40 [orc wizard/magic dart (6)]
   379 | D:4      | Slain by an orc

Skill      XL: |  1  2  3  4 |
---------------+-------------+-----
Spellcasting   | 5 |  5.1
Invocations    | 1 |  1.5
Short Blades   | 1 |  1.4
Long Blades    | 1 |  1.4
Axes           | 1 |  1.4
Maces & Flails | 1 |  1.4
Polearms       | 1 |  1.4
Staves         | 1 |  1.4
Slings         | 1 |  1.4
Bows           | 1 |  1.4
Crossbows      | 1 |  1.4
Throwing       | 1 |  1.4
Armour         | 1 |  1.4
Stealth        | 1 |  1.4
Shields        | 1 |  1.4
Evocations     | 1 |  1.4
Conjurations   | 1 |  1.1
Hexes          | 1 |  1.1
Charms         | 1 |  1.1
Summonings     | 1 |  1.1
Necromancy     | 1 |  1.1
Translocations | 1 |  1.1
Fire Magic     | 1 |  1.1
Ice Magic      | 1 |  1.1
Air Magic      | 1 |  1.1
Earth Magic    | 1 |  1.1
Poison Magic   | 1 |  1.1
Fighting       | |  2.9
Dodging        | |  4.7
Unarmed Combat | |  6.6
Transmutations | |  3.9

Action                   |  1- 3 |  4- 6 || total
-------------------------+-------+-------++-------
Melee: Unarmed           |    32 |    22 ||    54
       Kick              |     3 |     3 ||     6
       Bite              |     4 |     2 ||     6
       Dagger            |    10 |       ||    10
       Headbutt          |     3 |       ||     3
       Punch             |     1 |     2 ||     3
 Cast: Beastly Appendage |     7 |     1 ||     8
       Sticks to Snakes  |     3 |     3 ||     6
  Use: Potion            |     1 |       ||     1
Armor: Robe              |     1 |     2 ||     3
       Skin              |    18 |    41 ||    59
Dodge: Dodged            |    28 |     9 ||    37

Table legend:
 A = Turns spent in this place as a percentage of turns spent in the entire game.
 B = Non-inter-level travel turns spent in this place as a percentage of non-inter-level travel turns spent in the entire game.
 C = Inter-level travel turns spent in this place as a percentage of turns spent in this place.
 D = Turns resting spent in this place as a percentage of non-inter-level travel turns spent in this place.
 E = Turns spent auto-exploring this place as a percentage of non-inter-level travel turns spent in this place.
 F = Non-inter-level travel turns spent in this place divided by the number of levels of this place that you've seen.
                   A       B       C       D       E      F
               +-------+-------+-------+-------+-------+----------------------
         Total | 100.0 | 100.0 |   0.0 |   0.0 |   0.0 |  94.8
       Dungeon | 100.0 | 100.0 |   0.0 |   0.0 |   0.0 |  94.8
               +-------+-------+-------+-------+-------+----------------------

Table legend:
 A = Kills in this place as a percentage of kills in entire the game.
 B = Kills by you in this place as a percentage of kills by you in the entire game.
 C = Kills by friends in this place as a percentage of kills by friends in the entire game.
 D = Other kills in this place as a percentage of other kills in the entire game.
 E = Experience gained in this place as a percentage of experience gained in the entire game.
 F = Experience gained in this place divided by the number of levels of this place that you have seen.
                   A       B       C       D       E      F
               +-------+-------+-------+-------+-------+----------------------
         Total | 100.0 | 100.0 | 100.0 |   N/A | 100.0 |  50.5
       Dungeon | 100.0 | 100.0 | 100.0 |   N/A | 100.0 |  50.5
               +-------+-------+-------+-------+-------+----------------------

Vault maps used:
D:1:      eino_arrival_cavern_e, wad_woods_river_04, serial_park_tiny_pond
D:3:      nicolae_qazlal_general_emergency, yredelemnul_altar_generic,
          first_ration, uniq_grinder, uniq_terence, uniq_natasha
D:4:      serial_shops, shop, grunt_nemelex_the_gamble, uniq_sigmund,
          uniq_duvessa, uniq_blork_the_orc
